TOP OF THE 1ST |
Topeka Tornados batting - Pitching for Detroit X-Wings : LHP José Ramírez
|
Pitching: LHP José Ramírez
|
|
Batting: RHB Armando Méndez
|
0-0: Swinging Strike 0-1: Foul Ball, location: 2F 0-2: Ball 1-2: Strikes out swinging
|
Batting: RHB Gabriel Santana
|
0-0: Ball 1-0: Foul Ball, location: 2F 1-1: Called Strike 1-2: Strikes out swinging
|
Batting: LHB Edward Rose
|
0-0: Ball 1-0: Called Strike 1-1: Fly out, F7 (Flyball, 78S)
|
Top of the 1st over - 0 run(s), 0 hit(s), 0 error(s), 0 left on base; Topeka 0 - Detroit 0 |
BOTTOM OF THE 1ST |
Detroit X-Wings batting - Pitching for Topeka Tornados : RHP Todd Brewster
|
Pitching: RHP Todd Brewster
|
|
Batting: LHB Craig Kenney
|
0-0: Ball 1-0: Fly out, F9 (Flyball, 9)
|
Batting: LHB Chris Loudermilk
|
0-0: Ball 1-0: Swinging Strike 1-1: DOUBLE (Line Drive, 78M)
|
Batting: RHB Yoshihide Takahashi
|
0-0: Ball 1-0: Ball 2-0: Fly out, F7 (Flyball, 7LS)
|
Batting: RHB Júlio Negrón
|
0-0: Fly out, F8 (Flyball, 89D)
|
Bottom of the 1st over - 0 run(s), 1 hit(s), 0 error(s), 1 left on base; Topeka 0 - Detroit 0 |
TOP OF THE 2ND |
Topeka Tornados batting - Pitching for Detroit X-Wings : LHP José Ramírez
|
Batting: RHB Desi Thompson
|
0-0: Called Strike 0-1: Ball 1-1: Foul Ball, location: 2F 1-2: Foul Ball, location: 2F 1-2: SINGLE (Flyball, 8RS)
|
Batting: SHB Giancarlo Giannini
|
0-0: Called Strike 0-1: Ball 1-1: Fly out, F4 (Popup, 34D)
|
Batting: SHB Javier Peña
|
0-0: Foul Ball, location: 2F 0-1: Ball 1-1: Ball 2-1: Called Strike 2-2: Strikes out swinging
|
Batting: LHB Tom Robinson
|
0-0: Swinging Strike 0-1: Swinging Strike 0-2: Strikes out swinging
|
Top of the 2nd over - 0 run(s), 1 hit(s), 0 error(s), 1 left on base; Topeka 0 - Detroit 0 |
BOTTOM OF THE 2ND |
Detroit X-Wings batting - Pitching for Topeka Tornados : RHP Todd Brewster
|
Batting: RHB Keith Sims
|
0-0: Swinging Strike 0-1: Swinging Strike 0-2: Ball 1-2: Foul Ball, location: 2F 1-2: Fly out, F9 (Flyball, 89D)
|
Batting: RHB Jorge Castillo
|
0-0: Ball 1-0: Called Strike 1-1: Ball 2-1: Fly out, F9 (Flyball, 89S)
|
Batting: LHB Sergio Luna
|
0-0: Ball 1-0: SINGLE (Flyball, 6MD)
|
Batting: SHB Felipe Detorres
|
0-0: Foul Ball, location: 2F 0-1: Ball 1-1: Ball 2-1: Ball 3-1: Swinging Strike 3-2: Foul Ball, location: 2F 3-2: Ground out U3 (Groundball, 3)
|
Bottom of the 2nd over - 0 run(s), 1 hit(s), 0 error(s), 1 left on base; Topeka 0 - Detroit 0 |
TOP OF THE 3RD |
Topeka Tornados batting - Pitching for Detroit X-Wings : LHP José Ramírez
|
Batting: RHB Dave Henderson
|
0-0: Ball 1-0: Ball 2-0: Foul Ball, location: 2F 2-1: Swinging Strike 2-2: Ball 3-2: Strikes out looking
|
Batting: LHB José López
|
0-0: Ball 1-0: Fly out, F3 (Popup, 3L)
|
Batting: RHB Armando Méndez
|
0-0: Ball 1-0: Ball 2-0: Ball 3-0: Called Strike 3-1: Called Strike 3-2: Base on Balls
|
Batting: RHB Gabriel Santana
|
0-0: Ball 1-0: Ball 2-0: Swinging Strike 2-1: Fly out, F8 (Flyball, 8LD)
|
Top of the 3rd over - 0 run(s), 0 hit(s), 0 error(s), 1 left on base; Topeka 0 - Detroit 0 |
BOTTOM OF THE 3RD |
Detroit X-Wings batting - Pitching for Topeka Tornados : RHP Todd Brewster
|
Batting: RHB Yoshitsune Kamida
|
0-0: DOUBLE (Flyball, 89D)
|
Batting: LHB Craig Kenney
|
0-0: Swinging Strike 0-1: Ball 1-1: Foul Ball, location: 2F 1-2: Foul Ball, location: 2F 1-2: Strikes out swinging
|
Batting: LHB Chris Loudermilk
|
0-0: Called Strike 0-1: Ball 1-1: SINGLE (Line Drive, 7LM) Yoshitsune Kamida to third Runner from 3rd tries for Home, SAFE, no throw
|
Batting: RHB Yoshihide Takahashi
|
0-0: Fly out, F5 (Line Drive, 56)
|
Batting: RHB Júlio Negrón
|
0-0: Called Strike 0-1: Swinging Strike 0-2: Ball 1-2: Fielders Choice at 2nd, 6-4 (Groundball, 6)
|
Bottom of the 3rd over - 1 run(s), 2 hit(s), 0 error(s), 0 left on base; Topeka 0 - Detroit 1 |
TOP OF THE 4TH |
Topeka Tornados batting - Pitching for Detroit X-Wings : LHP José Ramírez
|
Batting: LHB Edward Rose
|
0-0: SINGLE (Flyball, 8RS)
|
Batting: RHB Desi Thompson
|
0-0: Called Strike 0-1: Ball 1-1: Foul Ball, location: 2F 1-2: Foul Ball, location: 2F 1-2: Strikes out swinging
|
Batting: SHB Giancarlo Giannini
|
0-0: Swinging Strike 0-1: Foul Ball, location: 2F 0-2: 2-RUN HOME RUN (Flyball, 7LD), Distance : 354 ft
|
Batting: SHB Javier Peña
|
0-0: Foul Ball, location: 2F 0-1: Swinging Strike 0-2: Ball 1-2: Ball 2-2: Strikes out swinging
|
Batting: LHB Tom Robinson
|
0-0: Ball 1-0: Ball 2-0: Called Strike 2-1: Foul Ball, location: 2F 2-2: Strikes out looking
|
Top of the 4th over - 2 run(s), 2 hit(s), 0 error(s), 0 left on base; Topeka 2 - Detroit 1 |
BOTTOM OF THE 4TH |
Detroit X-Wings batting - Pitching for Topeka Tornados : RHP Todd Brewster
|
Batting: RHB Keith Sims
|
0-0: Foul Ball, location: 2F 0-1: Ball 1-1: Swinging Strike 1-2: Strikes out swinging
|
Batting: RHB Jorge Castillo
|
0-0: Ball 1-0: Ball 2-0: Ground out 5-3 (Groundball, 56)
|
Batting: LHB Sergio Luna
|
0-0: Called Strike 0-1: Called Strike 0-2: Foul Ball, location: 2F 0-2: Ball 1-2: Strikes out looking
|
Bottom of the 4th over - 0 run(s), 0 hit(s), 0 error(s), 0 left on base; Topeka 2 - Detroit 1 |
TOP OF THE 5TH |
Topeka Tornados batting - Pitching for Detroit X-Wings : LHP José Ramírez
|
Batting: RHB Dave Henderson
|
0-0: Called Strike 0-1: SINGLE (Line Drive, 34)
|
Batting: LHB José López
|
0-0: Ball 1-0: Foul Ball, location: 2F 1-1: Foul Ball, location: 2F 1-2: Ball 2-2: Strikes out swinging
|
Batting: RHB Armando Méndez
|
0-0: Called Strike 0-1: Foul Ball, location: 2F 0-2: Strikes out swinging
|
Batting: RHB Gabriel Santana
|
0-0: Called Strike 0-1: Fly out, F5 (Popup, 56S)
|
Top of the 5th over - 0 run(s), 1 hit(s), 0 error(s), 1 left on base; Topeka 2 - Detroit 1 |
BOTTOM OF THE 5TH |
Detroit X-Wings batting - Pitching for Topeka Tornados : RHP Todd Brewster
|
Batting: SHB Felipe Detorres
|
0-0: Called Strike 0-1: Foul Ball, location: 2F 0-2: Ball 1-2: Foul Ball, location: 2F 1-2: Foul Ball, location: 2F 1-2: Foul Ball, location: 2F 1-2: Ball 2-2: DOUBLE (Line Drive, 9LM)
|
Batting: RHB Yoshitsune Kamida
|
0-0: Foul Ball, location: 2F 0-1: Ball 1-1: Foul Ball, location: 2F 1-2: Ball 2-2: Fly out, F4 (Line Drive, 4M)
|
Batting: LHB Craig Kenney
|
0-0: Called Strike 0-1: Called Strike 0-2: Ball 1-2: Strikes out swinging
|
Batting: LHB Chris Loudermilk
|
0-0: Called Strike 0-1: Ball 1-1: Foul Ball, location: 2F 1-2: Ball 2-2: Ground out 4-3 (Groundball, 4)
|
Bottom of the 5th over - 0 run(s), 1 hit(s), 0 error(s), 1 left on base; Topeka 2 - Detroit 1 |
TOP OF THE 6TH |
Topeka Tornados batting - Pitching for Detroit X-Wings : LHP José Ramírez
|
Batting: LHB Edward Rose
|
0-0: Ground out 4-3 (Groundball, 34)
|
Batting: RHB Desi Thompson
|
0-0: Reached on error, E6 (Groundball, 6)
|
Batting: SHB Giancarlo Giannini
|
0-0: Ball 1-0: Ball 2-0: Foul Ball, location: 2F 2-1: Ground out 4-3 (Groundball, 4) Desi Thompson to third
|
Batting: SHB Javier Peña
|
0-0: Ball 1-0: Ball 2-0: Called Strike 2-1: Called Strike 2-2: SINGLE (Flyball, 7LM) Desi Thompson scores
|
Batting: LHB Tom Robinson
|
0-0: Called Strike 0-1: Ball 1-1: Ball 2-1: Ball 3-1: Base on Balls Javier Peña to second
|
Batting: RHB Dave Henderson
|
0-0: Ground out 6-3 (Groundball, 6MD)
|
Top of the 6th over - 1 run(s), 1 hit(s), 1 error(s), 2 left on base; Topeka 3 - Detroit 1 |
BOTTOM OF THE 6TH |
Detroit X-Wings batting - Pitching for Topeka Tornados : RHP Todd Brewster
|
Batting: RHB Yoshihide Takahashi
|
0-0: SOLO HOME RUN (Flyball, 7LD), Distance : 341 ft
|
Batting: RHB Júlio Negrón
|
0-0: Foul Ball, location: 2F 0-1: Ball 1-1: Called Strike 1-2: Ball 2-2: DOUBLE (Flyball, 78M)
|
Pitching: LHP John Livingston
|
|
Batting: RHB Keith Sims
|
0-0: Ball 1-0: 2-RUN HOME RUN (Flyball, 7LD), Distance : 353 ft
|
Batting: RHB Jorge Castillo
|
0-0: Ball 1-0: Ball 2-0: Ball 3-0: Base on Balls
|
Batting: LHB Sergio Luna
|
0-0: Called Strike 0-1: Fielders Choice at 2nd, 4-6 (Groundball, 4)
|
Batting: SHB Felipe Detorres
|
0-0: Swinging Strike 0-1: Ball 1-1: Foul Ball, location: 2F 1-2: Strikes out swinging
|
Batting: RHB Yoshitsune Kamida
|
0-0: Ball 1-0: Ball 2-0: Ball 3-0: Base on Balls Sergio Luna to second
|
Batting: LHB Craig Kenney
|
0-0: Ball 1-0: Ball Passed Ball! Sergio Luna to third Yoshitsune Kamida to second 2-0: Ball 3-0: Called Strike 3-1: Ground out 6-3 (Groundball, 6M)
|
Bottom of the 6th over - 3 run(s), 3 hit(s), 0 error(s), 2 left on base; Topeka 3 - Detroit 4 |
TOP OF THE 7TH |
Topeka Tornados batting - Pitching for Detroit X-Wings : LHP José Ramírez
|
Batting: LHB José López
|
0-0: Swinging Strike 0-1: Ball 1-1: SINGLE (Line Drive, 89S)
|
Pinch Hitting: RHB Bob Hall
|
0-0: Reached on error, E1 (Groundball, 15) José López to third
|
Pinch Hitting: RHB Ed Watkins
|
0-0: Called Strike 0-1: Ball 1-1: Ball 2-1: Foul Ball, location: 2F 2-2: SINGLE (Groundball, 34) José López scores Bob Hall to third
|
Pitching: LHP Richard Dorris
|
|
Batting: LHB Edward Rose
|
0-0: Called Strike 0-1: Foul Ball, location: 2F 0-2: Foul Ball, location: 2F 0-2: Ball 1-2: Foul Ball, location: 2F 1-2: DOUBLE (Flyball, 89XD) Bob Hall scores Ed Watkins to third
|
Batting: RHB Desi Thompson
|
0-0: Swinging Strike 0-1: Ball 1-1: Swinging Strike 1-2: Fly out, F9 (Flyball, 9S)
|
Batting: SHB Giancarlo Giannini
|
0-0: Intentional Walk
|
Pitching: RHP Art Kelley
|
|
Batting: SHB Javier Peña
|
0-0: Called Strike 0-1: Called Strike 0-2: Ball 1-2: Foul Ball, location: 2F 1-2: Strikes out swinging
|
Batting: LHB Tom Robinson
|
0-0: Ball 1-0: Ball 2-0: Ball 3-0: Called Strike 3-1: Foul Ball, location: 2F 3-2: Ground out 6-3 (Groundball, 6)
|
Top of the 7th over - 2 run(s), 3 hit(s), 1 error(s), 3 left on base; Topeka 5 - Detroit 4 |
BOTTOM OF THE 7TH |
Detroit X-Wings batting - Pitching for Topeka Tornados : LHP John Livingston
|
Now at 3B: Bob Hall
|
|
Now in LF: Aurelio Torrez
|
|
Batting: LHB Chris Loudermilk
|
0-0: Swinging Strike 0-1: Ball 1-1: Swinging Strike 1-2: Strikes out looking
|
Batting: RHB Yoshihide Takahashi
|
0-0: Called Strike 0-1: Ball 1-1: Foul Ball, location: 2F 1-2: Ball 2-2: Foul Ball, location: 2F 2-2: Fly out, F8 (Flyball, 8LS)
|
Batting: RHB Júlio Negrón
|
0-0: Ball 1-0: Foul Ball, location: 2F 1-1: Swinging Strike 1-2: Ball 2-2: Foul Ball, location: 2F 2-2: Strikes out looking
|
Bottom of the 7th over - 0 run(s), 0 hit(s), 0 error(s), 0 left on base; Topeka 5 - Detroit 4 |
TOP OF THE 8TH |
Topeka Tornados batting - Pitching for Detroit X-Wings : RHP Art Kelley
|
Batting: RHB Dave Henderson
|
0-0: Ball 1-0: Called Strike 1-1: Ball 2-1: Ball 3-1: Foul Ball, location: 2F 3-2: Strikes out looking
|
Pitching: LHP Mike O'Brien
|
|
Batting: LHB José López
|
0-0: Called Strike 0-1: Foul Ball, location: 2F 0-2: Foul Ball, location: 2F 0-2: Ball 1-2: Ball 2-2: Foul Ball, location: 2F 2-2: Strikes out swinging
|
Batting: RHB Bob Hall
|
0-0: Ball 1-0: Ball 2-0: Fly out, F7 (Flyball, 78S)
|
Top of the 8th over - 0 run(s), 0 hit(s), 0 error(s), 0 left on base; Topeka 5 - Detroit 4 |
BOTTOM OF THE 8TH |
Detroit X-Wings batting - Pitching for Topeka Tornados : LHP John Livingston
|
Pitching: RHP Masamichi Samurakami
|
|
Batting: RHB Keith Sims
|
0-0: Ball 1-0: Called Strike 1-1: Swinging Strike 1-2: Foul Ball, location: 2F 1-2: Foul Ball, location: 2F 1-2: Ball 2-2: Strikes out swinging
|
Batting: RHB Jorge Castillo
|
0-0: Called Strike 0-1: Ball 1-1: Foul Ball, location: 2F 1-2: Ball 2-2: Foul Ball, location: 2F 2-2: Ball 3-2: Strikes out looking
|
Pitching: LHP Jeremy Meyer
|
|
Batting: LHB Sergio Luna
|
0-0: Called Strike 0-1: Foul Ball, location: 2F 0-2: Ball 1-2: Strikes out swinging
|
Bottom of the 8th over - 0 run(s), 0 hit(s), 0 error(s), 0 left on base; Topeka 5 - Detroit 4 |
TOP OF THE 9TH |
Topeka Tornados batting - Pitching for Detroit X-Wings : LHP Mike O'Brien
|
Batting: LHB Aurelio Torrez
|
0-0: Ball 1-0: Called Strike 1-1: Ball 2-1: Ball 3-1: Base on Balls
|
Pitching: RHP Domingo Rodríguez
|
|
Batting: LHB Edward Rose
|
0-0: Ball 1-0: Called Strike 1-1: Called Strike 1-2: Ball 2-2: Foul Ball, location: 2F 2-2: Foul Ball, location: 2F 2-2: SINGLE (Groundball, 4MD) Aurelio Torrez to second Throwing error, E8 Aurelio Torrez scores Edward Rose to second
|
Pitching: RHP Lance Sanders
|
|
Batting: RHB Desi Thompson
|
0-0: Foul Ball, location: 2F 0-1: Ball 1-1: SINGLE (Groundball, 4MD) Edward Rose to third Runner from 3rd tries for Home, SAFE, throw made home Desi Thompson to second
|
Pitching: RHP Charlie Alexander
|
|
Batting: SHB Giancarlo Giannini
|
0-0: SINGLE (Groundball, 4M) (infield hit) Desi Thompson to third
|
Batting: SHB Javier Peña
|
0-0: Ball 1-0: SINGLE (Line Drive, 56D) Desi Thompson scores Giancarlo Giannini to second
|
Batting: LHB Tom Robinson
|
0-0: Ball 1-0: Sac Bunt - play at first, batter OUT! 2-3 Giancarlo Giannini to third Javier Peña to second
|
Batting: RHB Dave Henderson
|
0-0: Ball 1-0: Foul Ball, location: 2F 1-1: Ball 2-1: Ground out 5-3 (Groundball, 56) Giancarlo Giannini scores
|
Batting: LHB José López
|
0-0: Swinging Strike 0-1: Ball 1-1: Ground out U3 (Groundball, 34S)
|
Top of the 9th over - 4 run(s), 4 hit(s), 1 error(s), 1 left on base; Topeka 9 - Detroit 4 |
BOTTOM OF THE 9TH |
Detroit X-Wings batting - Pitching for Topeka Tornados : LHP Jeremy Meyer
|
Batting: SHB Felipe Detorres
|
0-0: Reached on error, E5 (Groundball, 56S)
|
Batting: RHB Yoshitsune Kamida
|
0-0: Called Strike 0-1: Swinging Strike 0-2: Ball 1-2: Strikes out swinging
|
Batting: LHB Craig Kenney
|
0-0: Foul Ball, location: 2F 0-1: Swinging Strike 0-2: Strikes out looking
|
Batting: LHB Chris Loudermilk
|
0-0: Called Strike 0-1: Foul Ball, location: 2F 0-2: Ball 1-2: Ball 2-2: Foul Ball, location: 2F 2-2: Ball 3-2: Foul Ball, location: 2F 3-2: Strikes out swinging
|
Bottom of the 9th over - 0 run(s), 0 hit(s), 1 error(s), 1 left on base; Topeka 9 - Detroit 4 |
|